General information
- name: BNet
- type: Ladder team game (AT/RT)
- host: Battle.net
- saver: carloooooooooo
map: Battleground
- players: 8
- length: 14:21
- speed: Fast
- version: 1.24 W3XP
- replay type: Public
» download(128 KB)
Players
team 1 (loser)

»
abuse-night.elf (
pink | 117 APM | 1659 actions | 14:08)
2 Priestess of the Moon
1 Trueshot Aura
1 Scout
2 Keeper of the Grove
1 Entangling Roots
1 Thorns Aura
» actions
| Assign group hotkey | 22 | |
| Basic commands | 163 | |
| Build / train | 45 | |
| ESC pressed | 1 | |
| Enter build submenu | 13 | |
| Enter hero's abilities submenu | 4 | |
| Give item / drop item | 1 | |
| Remove unit from queue | 1 | |
| Right click | 693 | |
| Select / deselect | 207 | |
| Select group hotkey | 460 | |
| Use ability | 49 | |
1659 total
» units
| Wisp | 12 | |
| Archer | 3 | |
| Dryad | 6 | |
| Mountain Giant | 1 | |
22 total
» upgrades
| Abolish Magic | 1 | |
| Hardened Skin | 1 | |
| Resistant Skin | 1 | |
3 total
» buildings
| Altar of Elders | 1 | |
| Moon Well | 4 | |
| Ancient of War | 1 | |
| Tree of Ages | 1 | |
| Hunter's Hall | 1 | |
| Ancient of Lore | 3 | |
| Ancient Protector | 1 | |
| Tree of Eternity | 1 | |
| Ancient of Wonders | 1 | |
| Ancient of Wind | 1 | |
15 total
» build order
00:07 Altar of Elders
00:21 Moon Well
01:26 Ancient of War
01:31 Moon Well
02:39 Tree of Ages
02:58 Moon Well
04:20 Hunter's Hall
05:31 Ancient of Lore
05:45 Ancient of Lore
06:15 Ancient of Lore
06:39 Ancient Protector
07:21 Tree of Eternity
10:21 Ancient of Wonders
12:50 Ancient of Wind
13:12 Moon Well
» items
| Boots of Speed | 1 | |
| Dust of Appearance | 1 | |
| Circlet of Nobility | 1 | |
| Healing Salve | 1 | |
| Scroll of Speed | 1 | |
| Potion of Healing | 2 | |
| Lesser Clarity Potion | 2 | |
| Scroll of Town Portal | 1 | |
10 total
ftZeD (
yellow | 59 APM | 831 actions | 14:04)
3 Shadow Hunter
2 Hex
1 Healing Wave
» actions
| Assign group hotkey | 13 | |
| Basic commands | 122 | |
| Build / train | 47 | |
| Enter build submenu | 13 | |
| Enter hero's abilities submenu | 4 | |
| Right click | 215 | |
| Select / deselect | 134 | |
| Select group hotkey | 233 | |
| Use ability | 50 | |
831 total
» units
| Peon | 9 | |
| Grunt | 7 | |
| Shaman | 2 | |
| Tauren | 8 | |
26 total
» upgrades
| Shaman Training | 2 | |
| Reinforced Defenses | 1 | |
| Pulverize | 1 | |
4 total
» buildings
| Altar of Storms | 1 | |
| Orc Burrow | 6 | |
| Barracks | 1 | |
| Voodoo Lounge | 2 | |
| Stronghold | 1 | |
| Fortress | 1 | |
| Spirit Lodge | 1 | |
| War Mill | 1 | |
| Tauren Totem | 2 | |
16 total
» build order
00:08 Altar of Storms
00:15 Orc Burrow
01:08 Barracks
01:21 Orc Burrow
01:42 Voodoo Lounge
02:49 Stronghold
03:25 Orc Burrow
05:25 Orc Burrow
06:07 Fortress
07:35 Orc Burrow
07:49 Spirit Lodge
07:52 Voodoo Lounge
08:49 War Mill
09:35 Orc Burrow
10:37 Tauren Totem
10:38 Tauren Totem
» items
| Healing Salve | 2 | |
| Lesser Clarity Potion | 3 | |
| Potion of Mana | 2 | |
| Scroll of Town Portal | 1 | |
| Scroll of Speed | 1 | |
9 total
LoRdNoBBy (
green | 64 APM | 914 actions | 14:19)
3 Death Knight
2 Death Coil
1 Unholy Aura
1 Crypt Lord
1 Impale
» actions
| Assign group hotkey | 15 | |
| Build / train | 40 | |
| Enter build submenu | 12 | |
| Enter hero's abilities submenu | 4 | |
| Give item / drop item | 1 | |
| Right click | 416 | |
| Select / deselect | 233 | |
| Select group hotkey | 159 | |
| Use ability | 34 | |
914 total
» units
| Acolyte | 2 | |
| Ghoul | 3 | |
| Crypt Fiend | 8 | |
| Obsidian Statue | 5 | |
18 total
» upgrades
| Creature Attack | 3 | |
| Creature Carapace | 2 | |
| Burrow | 1 | |
| Web | 2 | |
| Destroyer Form | 1 | |
9 total
» buildings
| Graveyard | 1 | |
| Crypt | 1 | |
| Ziggurat | 4 | |
| Altar of Darkness | 1 | |
| Nerubian Tower | 1 | |
| Tomb of Relics | 1 | |
| Halls of the Dead | 1 | |
| Black Citadel | 1 | |
| Slaughterhouse | 2 | |
13 total
» build order
00:27 Graveyard
00:32 Crypt
00:46 Ziggurat
01:05 Altar of Darkness
01:24 Ziggurat
02:40 Nerubian Tower
03:14 Tomb of Relics
04:01 Ziggurat
04:20 Halls of the Dead
06:48 Black Citadel
08:45 Slaughterhouse
08:49 Slaughterhouse
13:27 Ziggurat
» items
| Scroll of Town Portal | 3 | |
| Scroll of Healing | 1 | |
4 total
NiqKouneT (
orange | 70 APM | 991 actions | 14:12)
4 Death Knight
2 Death Coil
2 Unholy Aura
2 Lich
1 Frost Nova
1 Frost Armor
» actions
| Assign group hotkey | 18 | |
| Build / train | 32 | |
| Enter build submenu | 12 | |
| Enter hero's abilities submenu | 6 | |
| Right click | 497 | |
| Select / deselect | 191 | |
| Select group hotkey | 164 | |
| Use ability | 71 | |
991 total
» units
| Acolyte | 2 | |
| Ghoul | 3 | |
| Crypt Fiend | 6 | |
| Frost Wyrm | 1 | |
12 total
» upgrades
| Creature Attack | 2 | |
| Creature Carapace | 2 | |
| Web | 1 | |
5 total
» buildings
| Crypt | 1 | |
| Graveyard | 1 | |
| Altar of Darkness | 1 | |
| Ziggurat | 7 | |
| Tomb of Relics | 1 | |
| Halls of the Dead | 1 | |
| Black Citadel | 1 | |
| Sacrificial Pit | 1 | |
| Boneyard | 3 | |
17 total
» build order
00:29 Crypt
00:34 Graveyard
00:46 Altar of Darkness
00:50 Ziggurat
01:28 Ziggurat
01:31 Tomb of Relics
03:54 Halls of the Dead
05:43 Ziggurat
06:07 Ziggurat
07:57 Black Citadel
08:01 Ziggurat
08:02 Ziggurat
08:04 Sacrificial Pit
11:20 Boneyard
11:21 Boneyard
11:22 Boneyard
11:24 Ziggurat
» items
| Rod of Necromancy | 2 | |
| Orb of Corruption | 1 | |
3 total
team 2 (winner)

»
carloooooooooo (
blue | 89 APM | 1271 actions | 14:21)
5 Pandaren Brewmaster
3 Breath of Fire
2 Drunken Haze
» actions
| Assign group hotkey | 29 | |
| Basic commands | 19 | |
| Build / train | 68 | |
| ESC pressed | 2 | |
| Enter build submenu | 16 | |
| Enter hero's abilities submenu | 5 | |
| Give item / drop item | 6 | |
| Right click | 435 | |
| Select / deselect | 403 | |
| Select group hotkey | 222 | |
| Use ability | 66 | |
1271 total
» units
| Wisp | 20 | |
| Archer | 20 | |
| Hippogryph | 8 | |
48 total
» upgrades
| Strength of the Moon | 2 | |
| Hippogryph Taming | 1 | |
| Moon Armor | 2 | |
| Improved Bows | 1 | |
| Marksmanship | 1 | |
| Ultravision | 1 | |
8 total
» buildings
| Altar of Elders | 2 | |
| Ancient of War | 3 | |
| Moon Well | 6 | |
| Ancient of Wonders | 1 | |
| Tree of Ages | 1 | |
| Hunter's Hall | 1 | |
| Ancient of Wind | 2 | |
| Tree of Life | 1 | |
| Tree of Eternity | 1 | |
18 total
» build order
00:04 Altar of Elders
00:16 Ancient of War
00:19 Moon Well
00:45 Altar of Elders
01:46 Moon Well
02:24 Moon Well
02:27 Ancient of War
03:38 Ancient of Wonders
03:48 Ancient of War
04:10 Tree of Ages
04:53 Hunter's Hall
06:08 Moon Well
06:35 Ancient of Wind
06:36 Ancient of Wind
07:25 Tree of Life
10:23 Tree of Eternity
10:44 Moon Well
10:44 Moon Well
» items
| Healing Salve | 1 | |
| Potion of Mana | 1 | |
| Lesser Clarity Potion | 1 | |
3 total
Kill_Me_if_uCAN (
purple | 44 APM | 637 actions | 14:20)
3 Blademaster
2 Wind Walk
1 Critical Strike
» actions
| Build / train | 29 | |
| Enter build submenu | 3 | |
| Enter hero's abilities submenu | 3 | |
| Give item / drop item | 11 | |
| Right click | 432 | |
| Select / deselect | 123 | |
| Use ability | 36 | |
637 total
» units
» buildings
| Altar of Storms | 1 | |
| Orc Burrow | 1 | |
| Voodoo Lounge | 1 | |
3 total
» build order
00:11 Altar of Storms
00:12 Orc Burrow
02:50 Voodoo Lounge
» items
| Staff of Teleportation | 1 | |
| Boots of Speed | 1 | |
| Dust of Appearance | 1 | |
| Healing Salve | 2 | |
| Lesser Clarity Potion | 2 | |
| Orb of Corruption | 2 | |
| Potion of Mana | 3 | |
| Potion of Healing | 3 | |
| Scroll of Regeneration | 1 | |
| Potion of Lesser Invulnerability | 2 | |
18 total
Ru[M]ajS (
teal | 87 APM | 1244 actions | 14:20)
3 Death Knight
2 Death Coil
1 Unholy Aura
2 Lich
1 Frost Nova
1 Frost Armor
1 Crypt Lord
1 Impale
» actions
| Assign group hotkey | 33 | |
| Basic commands | 1 | |
| Build / train | 44 | |
| ESC pressed | 1 | |
| Enter build submenu | 17 | |
| Enter hero's abilities submenu | 6 | |
| Give item / drop item | 3 | |
| Right click | 541 | |
| Select / deselect | 127 | |
| Select group hotkey | 418 | |
| Use ability | 53 | |
1244 total
» units
| Acolyte | 3 | |
| Ghoul | 1 | |
| Crypt Fiend | 12 | |
| Frost Wyrm | 4 | |
20 total
» upgrades
| Creature Attack | 3 | |
| Creature Carapace | 3 | |
| Web | 1 | |
7 total
» buildings
| Crypt | 1 | |
| Graveyard | 1 | |
| Altar of Darkness | 1 | |
| Ziggurat | 8 | |
| Tomb of Relics | 1 | |
| Halls of the Dead | 2 | |
| Black Citadel | 1 | |
| Sacrificial Pit | 1 | |
| Boneyard | 4 | |
20 total
» build order
00:07 Crypt
00:09 Graveyard
00:42 Altar of Darkness
00:49 Ziggurat
01:16 Tomb of Relics
01:26 Ziggurat
02:16 Halls of the Dead
02:32 Ziggurat
03:44 Ziggurat
04:57 Black Citadel
06:21 Sacrificial Pit
06:42 Ziggurat
07:57 Boneyard
07:57 Boneyard
10:08 Boneyard
10:08 Boneyard
12:10 Ziggurat
12:42 Ziggurat
13:13 Ziggurat
» items
| Rod of Necromancy | 1 | |
| Boots of Speed | 1 | |
2 total
omg]clvr[ (
red | 76 APM | 1087 actions | 14:20)
5 Beastmaster
2 Summon Quilbeast
3 Summon Hawk
» actions
| Assign group hotkey | 32 | |
| Build / train | 59 | |
| ESC pressed | 1 | |
| Enter build submenu | 19 | |
| Enter hero's abilities submenu | 5 | |
| Give item / drop item | 1 | |
| Remove unit from queue | 1 | |
| Right click | 594 | |
| Select / deselect | 208 | |
| Select group hotkey | 111 | |
| Use ability | 56 | |
1087 total
» units
| Peasant | 12 | |
| Rifleman | 15 | |
| Forest Troll Berserker | 2 | |
| Ogre Mauler | 1 | |
| Mortar Team | 1 | |
31 total
» upgrades
| Gunpowder | 2 | |
| Long Rifles | 1 | |
| Lumber Harvesting | 1 | |
| Fragmentation Shards | 1 | |
| Flak Cannons | 1 | |
6 total
» buildings
| Blacksmith | 1 | |
| Barracks | 2 | |
| Farm | 11 | |
| Altar of Kings | 1 | |
| Lumber Mill | 1 | |
| Arcane Vault | 1 | |
| Keep | 4 | |
| Town Hall | 1 | |
| Castle | 1 | |
| Workshop | 2 | |
25 total
» build order
00:11 Blacksmith
00:20 Barracks
00:36 Farm
01:23 Farm
01:55 Altar of Kings
02:56 Farm
04:00 Farm
04:08 Lumber Mill
04:21 Farm
04:25 Farm
04:47 Arcane Vault
05:37 Farm
06:04 Keep
06:04 Keep
06:04 Keep
08:56 Town Hall
10:18 Farm
11:35 Castle
12:25 Barracks
12:31 Workshop
13:03 Workshop
13:21 Farm
13:22 Farm
13:23 Farm
» items
| Scroll of Regeneration | 4 | |
| Lesser Clarity Potion | 4 | |
| Scroll of Town Portal | 1 | |
9 total
Chat log
(00:28 / Allies) carloooooooooo: panda archer
(00:33 / Allies) omg]clvr[: mk ref
(00:35 / Allies) Ru[M]ajS: spid frost
(00:51 / Allies) Kill_Me_if_uCAN: plz fast i will feed
(00:59 / Allies) carloooooooooo: do units
(01:12 / Allies) Kill_Me_if_uCAN: no time 4 units
(05:21 / Allies) carloooooooooo: go harras
(06:46 / Allies) Kill_Me_if_uCAN: pink got dria
(08:49 / Allies) carloooooooooo: 2k gold
(09:42 / Allies) Ru[M]ajS: woood ?
(09:50 / Allies) omg]clvr[: teal
(12:19 / Allies) carloooooooooo: purple
(12:20 / Allies) carloooooooooo: fuck off
(12:37 / Allies) carloooooooooo: USE ITEMS
(12:39 / Allies) carloooooooooo: not my wells
(12:51 / Allies) Kill_Me_if_uCAN: im using both :d